Map: Ulrena

Players

oGizMo - Winner!

  • Race: Zerg Zerg
  • League: Platinum

LindyHop

  • Race: Zerg Zerg
  • League: Platinum

VOD

Have the link to the VOD?

Description

Time

  • Played on: Dec. 12, 2015, 6:32 p.m.
  • Length: 14:57
Show
View Real Time Build Order
Export as new Build Order

oGizMo Zerg - Winner!

Build Orders: Pool First 

Get SALT Encoding   

  12  0:01  Drone  
  13  0:11  Drone  
  14  0:20  Drone, Extractor  
  14  0:34  Spawning Pool  
  13  0:36  Drone  
  14  0:45  Overlord  
  14  0:53  Drone, Extractor  
  15  1:06  Drone x2  
  17  1:21  Metabolic Boost  
  17  1:24  Queen  
  19  1:29  Zergling x2  
  19  1:32  Zergling x2  
  21  1:40  Zergling x2  
  21  1:44  Overlord  
  22  2:03  Baneling Nest  
  22  2:04  Zergling x4  
  23  2:14  Zergling x2  
  24  2:40  Hatchery  
  24  2:43  Zergling x10  
  27  3:00  Zergling x2  
  23  3:06  Queen  
  23  3:07  Overlord  
  25  3:15  Baneling x3  
  25  3:22  Drone x2  
  25  3:25  Drone  
  23  3:54  Zergling x4  
  23  3:55  Zergling x6  
  27  4:03  Zergling x4  
  29  4:14  Baneling x2  
  29  4:31  Drone x4  
  29  4:32  Drone x3  
  35  4:46  Drone x2, Baneling x2  
  35  4:47  Drone x2  
  35  4:50  Spine Crawler  
  37  5:10  Drone x3  
  40  5:15  Roach Warren  
  40  5:22  Roach Warren  
  40  5:27  Overlord x3  
  37  5:54  Zergling x2  
  37  5:55  Zergling x12  
  40  6:04  Roach  
  40  6:16  Drone  
  40  6:17  Drone x2  
  40  6:18  Roach x2  
  47  6:21  Lair  
  47  6:26  Extractor  
  47  6:29  Overlord  
  46  6:37  Drone x2  
  46  6:38  Drone x3  
  51  7:00  Drone x4  
  55  7:04  Roach x2  
  55  7:07  Overlord  
  55  7:08  Drone x4  
  61  7:09  Overlord  
  62  7:25  Overseer  
  62  7:28  Overlord  
  62  7:34  Overlord  
  62  7:35  Drone x5  
  62  7:36  Drone  
  66  7:47  Spire  
  66  7:48  Extractor  
  66  7:49  Extractor  
  63  8:06  Spine Crawler  
  63  8:07  Overlord, Spine Crawler  
  63  8:12  Spine Crawler  
  60  8:17  Overlord  
  60  8:18  Hatchery  
  59  8:28  Spore Crawler  
  58  8:42  Hatchery  
  58  8:45  Spine Crawler x2  
  55  9:04  Mutalisk x4  
  55  9:09  Mutalisk x2  
  65  9:11  Overlord  
  65  9:14  Mutalisk  
  68  9:31  Mutalisk  
  68  9:32  Mutalisk  
  72  9:41  Evolution Chamber x2  
  70  9:53  Queen  
  70  9:55  Drone x2  
  70  9:56  Drone, Mutalisk x2  
  70  9:58  Spine Crawler  
  70  9:59  Spine Crawler  
  77  10:01  Spine Crawler  
  77  10:02  Overlord, Extractor  
  77  10:05  Drone x3  
  77  10:06  Drone x3  
  81  10:15  Drone x3  
  81  10:16  Drone x3  
  81  10:17  Mutalisk  
  81  10:18  Spine Crawler  
  88  10:25  Overlord, Spine Crawler  
  87  10:30  Overlord  
  85  10:45  Mutalisk x4  
  87  10:53  Mutalisk  
  87  10:55  Zergling x2  
  87  10:56  Zergling x10  
  95  11:03  Spore Crawler  
  94  11:05  Extractor  
  94  11:07  Spore Crawler  
  92  11:11  Mutalisk x2  
  92  11:18  Mutalisk  
  98  11:27  Overlord  
  98  11:37  Mutalisk x2  
  102  11:41  Overlord  
  101  11:54  Zergling x24  
  101  11:55  Zergling x2  
  101  11:58  Drone x2  
  115  12:21  Drone x5  
  115  12:22  Drone x2  
  122  12:26  Zerg Flyer Weapons Level 1  
  122  12:31  Overlord x3  
  122  12:34  Mutalisk  
  122  12:45  Spore Crawler  
  103  13:07  Mutalisk  
  103  13:08  Mutalisk x4  
  112  13:18  Mutalisk  
  112  13:19  Mutalisk x5  
  124  13:26  Centrifical Hooks  
  124  13:40  Queen  
  126  13:48  Extractor  
  125  13:49  Extractor  
  124  14:03  Baneling  
  124  14:04  Baneling  
  124  14:05  Baneling x5  
  124  14:06  Baneling  
  124  14:07  Mutalisk x3  
  124  14:08  Mutalisk  
  132  14:20  Zergling x16  
  132  14:21  Zergling x8  
  132  14:22  Overlord x2  
Show
View Real Time Build Order
Export as new Build Order

LindyHop Zerg 

Build Orders: Pool First, Zergling Baneling 

Get SALT Encoding   

  12  0:01  Drone  
  13  0:12  Overlord  
  13  0:18  Drone  
  14  0:30  Drone x2  
  14  0:34  Drone, Extractor  
  16  0:50  Spawning Pool  
  16  0:52  Drone  
  16  0:58  Drone  
  17  1:14  Drone  
  17  1:17  Drone  
  19  1:28  Overlord  
  19  1:39  Queen  
  21  1:52  Metabolic Boost  
  21  1:56  Hatchery, Zergling x2  
  21  2:04  Zergling x2  
  21  2:05  Zergling x2  
  23  2:12  Baneling Nest  
  23  2:20  Zergling x2  
  24  2:28  Zergling x2  
  25  2:35  Queen  
  27  2:37  Zergling x2  
  28  2:56  Zergling x2  
  28  2:57  Zergling x2  
  30  3:01  Zergling x2  
  29  3:10  Baneling  
  29  3:11  Baneling  
  29  3:18  Overlord  
  29  3:30  Overlord  
  29  3:39  Zergling x2  
  29  3:40  Zergling x2  
  29  3:42  Zergling x2  
  29  3:46  Zergling x2  
  29  3:47  Zergling x4  
  34  4:02  Zergling x2  
  34  4:11  Zergling x2  
  35  4:18  Hatchery  
  35  4:19  Zergling x2  
  32  4:34  Roach Warren  
  31  4:43  Zergling x4  
  33  4:52  Baneling x6  
  32  5:05  Overlord x2  
  32  5:11  Drone  
  32  5:12  Drone x2  
  35  5:15  Burrow  
  28  5:53  Drone x7  
  32  5:58  Spine Crawler  
  32  5:59  Spine Crawler  
  32  6:02  Roach x2  
  34  6:07  Roach  
  34  6:08  Roach  
  38  6:16  Baneling  
  38  6:17  Baneling  
  38  6:26  Roach x2  
  38  6:28  Drone x2  
  44  6:35  Roach  
  44  6:36  Roach x3  
  44  6:37  Roach x2  
  56  6:46  Drone x2  
  58  6:47  Lair  
  58  6:59  Roach  
  58  7:00  Overlord  
  59  7:17  Overlord  
  59  7:22  Drone x6  
  64  7:40  Roach x2  
  64  7:41  Roach x3  
  74  7:46  Drone x2, Extractor  
  74  7:47  Extractor  
  74  7:49  Extractor  
  73  7:52  Drone x2  
  73  7:53  Overlord  
  75  8:26  Spire  
  74  8:31  Zergling x2  
  74  8:32  Zergling x14  
  82  8:41  Drone  
  83  8:57  Overlord x2  
  83  8:58  Overlord  
  83  9:21  Overlord x2  
  83  9:23  Drone x3  
  83  9:24  Drone x2  
  87  9:38  Mutalisk  
  87  9:39  Mutalisk x7  
  87  9:45  Zerg Flyer Weapons Level 1  
  103  9:57  Hatchery  
  102  10:04  Mutalisk  
  102  10:05  Mutalisk  
  106  10:11  Overlord x3  
  106  10:12  Overseer  
  106  10:19  Mutalisk  
  108  10:39  Drone x8  
  108  10:40  Mutalisk  
  113  10:43  Mutalisk  
  113  10:51  Spore Crawler  
  113  10:57  Spore Crawler  
  111  11:01  Mutalisk x2  
  115  11:22  Mutalisk x2  
  115  11:23  Mutalisk, Spore Crawler  
  115  11:24  Spore Crawler  
  119  11:30  Mutalisk  
  121  11:33  Zergling x4  
  121  11:49  Hydralisk Den  
  120  12:02  Mutalisk x2  
  120  12:07  Drone x8  
  132  12:11  Extractor  
  132  12:13  Zergling x2  
  132  12:21  Overlord x2  
  132  12:22  Overlord  
  132  12:25  Mutalisk  
  134  12:30  Mutalisk x2  
  134  12:32  Drone x2  
  134  12:34  Drone  
  141  12:48  Hydralisk x5  
  148  12:59  Hydralisk  
  148  13:00  Hydralisk  
  148  13:03  Hydralisk  
  139  13:19  Mutalisk  
  141  13:20  Hydralisk  
  143  13:27  Hydralisk  
  143  13:30  Hydralisk  
  143  13:31  Zergling x2  
  143  13:34  Drone  
  149  13:37  Hatchery  
  149  13:38  Zergling x2  
  149  13:43  Hydralisk x2  
  151  13:57  Hydralisk x2  
  155  14:03  Hydralisk  
  157  14:11  Hydralisk  
  157  14:14  Hydralisk  
  161  14:21  Hydralisk  
  163  14:30  Overlord x2  
Tags
 
Add a new tag
Caveats
  • Supply blocks, unpowered buildings, or Contaminate may cause inaccurate times.
  • Supply counts are checked every 10 seconds.